 Dungeon Crawl Stone Soup version 0.24.0-13-gcf9b319 (webtiles) character file.

Game seed: 10271974255620656691, levelgen mode: deterministic

11346 Ajohnson the Fighter (level 11, -5/78 HPs)
             Began as a Gargoyle Earth Elementalist on Nov 12, 2019.
             Was an Elder of Trog.
             Hit by a silver javelin thrown by a minotaur (10 damage)
             ... in a Gauntlet on Nov 13, 2019.
             The game lasted 00:30:19 (11548 turns).

Ajohnson the Fighter (Gargoyle Earth Elementalist) Turns: 11548, Time: 00:30:20

Health: -5/78      AC: 19    Str: 20    XL:     11   Next: 76%
Magic:  0/15       EV: 12    Int: 16    God:    Trog [****..]
Gold:   678        SH:  9    Dex: 10    Spells: 11/15 levels left

rFire    . . .     SeeInvis .   N - +8 trident of Saesonea {freeze, rC+}
rCold    + . .     Gourm    .   H - +0 shield
rNeg     + . .     Faith    .   x - +0 leather armour (curse)
rPois    ∞         Spirit   +   v - +0 helmet (curse)
rElec    +         Reflect  .   M - scarf {Spirit}
rCorr    .         Harm     .   L - +0 pair of gloves (curse)
MR       .....     NoTele   +   K - +0 pair of boots
Stlth    ++........             (no amulet)
HPRegen  0.23/turn              y - +3 ring of evasion
MPRegen  0.14/turn              D - +2 ring of protection

@: mighty, very slightly contaminated
A: negative energy resistance 1, electricity resistance, unbreathing,
petrification resistance, rot immunity, AC +8
a: Berserk, Trog's Hand, Brothers in Arms, Renounce Religion


You were in a Gauntlet.
You worshipped Trog.
Trog was greatly pleased with you.
You were not hungry.

You visited 1 branch of the dungeon, and saw 11 of its levels.
You also visited: Gauntlet.

You collected 678 gold pieces.

Inventory:

Hand Weapons
 N - the +8 trident of Saesonea (weapon) {freeze, rC+}
   (You found it on level 11 of the Dungeon)

   It has been specially enchanted to freeze those struck by it, causing extra
   injury to most foes and up to half again as much damage against particularly
   susceptible opponents.
   It can also slow down cold-blooded creatures.
   It protects you from cold.
Missiles
 b - 337 stones (quivered)
Armour
 v - a cursed +0 helmet (worn)
 x - a cursed +0 leather armour (worn)
 H - a +0 shield (worn)
 K - a +0 pair of boots (worn)
 L - a cursed +0 pair of gloves (worn)
 M - a scarf of spirit shield (worn)
Jewellery
 j - an uncursed ring of resist corrosion
 p - the ring of Okawaru's Whim {Ice +Blink, unknown}
   (You found it in a Gauntlet)

   [ring of ice]

   It enhances your ice magic.
   It makes you vulnerable to fire.
   It protects you from cold.
   It lets you blink.
 y - a +3 ring of evasion (left hand)
 D - a +2 ring of protection (right hand)
 G - an uncursed ring of see invisible
 O - the ring "Vivonit" {rPois rN+ Dex+3, unknown}
   (You found it in a Gauntlet)

   [ring of positive energy]

   It affects your dexterity (+3).
   It protects you from poison.
   It protects you from negative energy.
Wands
 f - a wand of paralysis (18)
 C - a wand of random effects (36)
 I - a wand of scattershot (6)
 J - a wand of acid (7)
Scrolls
 e - 2 scrolls of identify
 g - 2 scrolls of fear
 h - a scroll of enchant weapon
 k - 5 scrolls of teleportation
 m - a scroll of amnesia
 q - 2 scrolls of magic mapping
 r - 4 scrolls of fog
 t - 4 scrolls of remove curse
 B - 2 scrolls of enchant armour
Potions
 a - 2 potions of haste
 i - 3 potions of degeneration
 l - 2 potions of flight
 n - a potion of brilliance
 o - 3 potions of resistance
 z - 2 potions of cancellation
 A - a potion of ambrosia
 E - a potion of magic
Miscellaneous
 F - a fan of gales
Comestibles
 d - 15 rations


   Skills:
 - Level 13.0 Fighting
 - Level 12.8 Armour
 - Level 1.6 Dodging
 - Level 2.2 Stealth
 + Level 4.8 Shields
 - Level 2.8 Spellcasting
 - Level 1.5 Conjurations
   Level 0.7 Transmutations
 - Level 5.0 Earth Magic


You had 11 spell levels left.
You knew the following spells:

 Your Spells              Type           Power        Failure   Level  Hunger
a - Sandblast             Erth           ###...       11%         1    #......
b - Stone Arrow           Conj/Erth      ##....       52%         3    ###....

Your spell library contained the following spells:

 Spells                   Type           Power        Failure   Level  Hunger
 Passwall                 Tmut/Erth      ##......     36%         2    ##.....
 Petrify                  Tmut/Erth      ##......     94%         4    #####..
 Lee's Rapid Deconstruct  Erth           ###.......   96%         5    ######.


Dungeon Overview and Level Annotations

Branches:
Dungeon (11/15)            Temple (0/1) D:5            Lair (0/6) D:8
Gauntlet (1/1)
    Orc: D:9-12

Altars:
Ashenzari
Cheibriados
Fedhas
Hepliaklqana
Makhleb
Nemelex Xobeh
Okawaru
Sif Muna
Trog
Uskayaw
Vehumet
Wu Jian
Xom
Zin

Shops:
D:9 (   D:10 :

Portals:
Trove: D:11 (give +4 shadow dragon scales)

Annotations:
D:10 2 runed translucent doors, Seifer's ghost, journeyman FoFi Gauntlet 6 transporters


Innate Abilities, Weirdness & Mutations

You are resistant to torment.
Your stone body is resilient. (AC +8)
You are immune to poison.
You resist negative energy. (rN+)
You are resistant to electric shocks. (rElec)
You can survive without breathing.
You are immune to petrification.
You are immune to rotting.


Message History

The minotaur is moderately wounded.
The minotaur closely misses you. The minotaur gores you.
* * * LOW HITPOINT WARNING * * *
You hit the minotaur. You freeze the minotaur.
The minotaur is moderately wounded.
You block the minotaur's attack.
The minotaur gores you but does no damage.
You hit the minotaur but do no damage.
The minotaur is moderately wounded.
You flicker for a moment.
The minotaur hits you with a +1 morningstar of holy wrath!
* * * LOW HITPOINT WARNING * * *
The minotaur barely misses you.
Okay, then.
Casting: Stone Arrow (quite dangerous; 52% risk of failure)
Confirm with . or Enter, or press ? or * to list all spells.
Okay, then.
You flicker back into view.
The minotaur throws a silver javelin.
The silver javelin pierces through you!
You die...

#..#..#...
#####..#.##...
#§8≈#..#$.##.#
########...#..#©.#.©.
#...(....8.#..#!.##.#
##.##.###...#..#.##Y..
#8..(.H...8.#..#9.#...
#.....#.#...#..#9..#.#
#######@#.#...#..#######
}8[8.8#.(.#.©.#≈........
......'(###...#∩........
:8/8.8#...#.©.#≈........
#######.#.#...#..#######
#.....#.#...#..#}#..#.
#8........8.#..#tP#.P#
##.##.###...#..##.P#.P
#........8.#..#.#.P#.


You could see a minotaur.

Vanquished Creatures
  A death yak (D:8)
  A two-headed ogre (D:9)
  Joseph (D:7)
  Maurice (D:8)
  2 centaur skeletons
  A troll (D:9)
  2 flying skulls (Gauntlet)
  A spriggan (D:7)
  A shadow (D:9)
  A wyvern (D:9)
  2 hungry ghosts
  4 sky beasts
  2 orc warriors (D:10)
  An ice beast (D:9)
  2 black bears
  11 ogres
  A crocodile (D:9)
  A centaur (D:8)
  3 big kobolds
  6 bullfrogs
  A gnoll sergeant (D:6)
  A wyvern zombie (D:7)
  4 scorpions
  5 killer bees (D:10)
  14 wights (D:7)
  A howler monkey (D:9)
  4 crimson imps
  A centaur zombie (D:10)
  3 jellies
  2 bullfrog zombies (D:5)
  4 hounds
  4 bullfrog skeletons
  3 orc priests
  8 orc wizards
  A gnoll shaman (D:9)
  2 iguanas
  4 worker ants
  A hound skeleton (D:7)
  A howler monkey zombie (D:5)
  2 worker ant zombies
  A howler monkey skeleton (D:4)
  13 adders
  6 gnolls
  2 shadow imps (D:7)
  2 adder skeletons
  2 worms
  A dart slug (D:1)
  A leopard gecko (D:3)
  44 orcs
  8 giant cockroaches
  16 goblins
  5 hobgoblins
  11 jackals
  22 kobolds
  5 quokkas
  A ball python (D:1)
  7 bats
  6 frilled lizards
  A giant cockroach zombie (D:5)
  2 quokka zombies
  5 rats
272 creatures vanquished.

Vanquished Creatures (collateral kills)
  A catoblepas (Gauntlet)
  6 death yaks (D:8)
  7 flying skulls (Gauntlet)
14 creatures vanquished.

Vanquished Creatures (others)
  28 demonic plants (Gauntlet)
28 creatures vanquished.

Grand Total: 314 creatures vanquished

Notes
Turn   | Place    | Note
-------+----------+-------------------------------------------
     0 | D:1      | Ajohnson the Gargoyle Earth Elementalist began the quest
                  | for the Orb.
     0 | D:1      | Reached XP level 1. HP: 10/10 MP: 3/3
   222 | D:1      | Reached XP level 2. HP: 15/15 MP: 3/5
   313 | D:1      | Reached skill level 1 in Fighting
   338 | D:1      | Reached XP level 3. HP: 20/20 MP: 2/6
  1256 | D:2      | Reached XP level 4. HP: 25/26 MP: 5/8
  1275 | D:2      | Learned a level 3 spell: Stone Arrow
  1620 | D:2      | Reached skill level 2 in Fighting
  1741 | D:2      | Reached skill level 1 in Conjurations
  2221 | D:3      | Reached skill level 5 in Earth Magic
  2241 | D:3      | Reached XP level 5. HP: 30/30 MP: 7/9
  2301 | D:3      | Found a faded altar of an unknown god.
  2387 | D:3      | Became a worshipper of Trog the Wrathful
  2387 | D:3      | Reached * piety under Trog
  2511 | D:3      | Found a shimmering altar of Xom.
  2905 | D:4      | Got a shimmering long sword
  2906 | D:4      | Identified the +5 long sword "Botuigre" {slice, rElec rN+
                  | MR+} (You found it on level 4 of the Dungeon)
  2929 | D:4      | Reached skill level 1 in Armour
  2992 | D:4      | Noticed an ogre
  2997 | D:4      | Killed an ogre
  2997 | D:4      | Reached skill level 3 in Fighting
  2997 | D:4      | Reached XP level 6. HP: 37/37 MP: 10/10
  3137 | D:4      | Reached ** piety under Trog
  3210 | D:4      | Reached skill level 4 in Fighting
  3233 | D:4      | Found a sparkling altar of Nemelex Xobeh.
  3238 | D:4      | Reached XP level 7. HP: 44/44 MP: 11/11
  3249 | D:4      | Reached skill level 5 in Fighting
  3289 | D:4      | Found a burning altar of Makhleb.
  3861 | D:5      | Entered Level 5 of the Dungeon
  3866 | D:5      | Reached skill level 5 in Armour
  3874 | D:5      | Found a radiant altar of Vehumet.
  3874 | D:5      | Found an iron altar of Okawaru.
  3875 | D:5      | Found a glowing silver altar of Zin.
  3922 | D:5      | Reached skill level 6 in Fighting
  3922 | D:5      | Reached XP level 8. HP: 45/52 MP: 12/12
  4145 | D:5      | Found an ornate altar of the Wu Jian Council.
  4152 | D:5      | Reached skill level 7 in Fighting
  4269 | D:5      | Found a staircase to the Ecumenical Temple.
  4470 | D:5      | Found a shimmering blue altar of Sif Muna.
  4521 | D:6      | Reached *** piety under Trog
  4567 | D:6      | Found a shimmering blue altar of Sif Muna.
  4590 | D:6      | Reached skill level 8 in Fighting
  4605 | D:6      | Reached XP level 9. HP: 10/59 MP: 13/13
  5033 | D:6      | Identified Sif Muna's Tome of Entrancing Flight
  5299 | D:7      | Reached skill level 9 in Fighting
  5995 | D:7      | Reached **** piety under Trog
  6184 | D:7      | Reached skill level 10 in Fighting
  6207 | D:7      | Noticed Joseph
  6223 | D:7      | Killed Joseph
  6223 | D:7      | Reached skill level 10 in Armour
  6223 | D:7      | Reached XP level 10. HP: 68/68 MP: 14/14
  6521 | D:7      | Found a hide-covered altar of Uskayaw.
  6521 | D:7      | Found a blossoming altar of Fedhas.
  6571 | D:8      | Noticed Maurice
  6584 | D:8      | Killed Maurice
  6712 | D:8      | Noticed a death yak
  6758 | D:8      | Noticed a death yak
  6781 | D:8      | Killed a death yak
  6781 | D:8      | Reached skill level 11 in Fighting
  7523 | D:8      | Noticed a death yak
  7542 | D:8      | Killed a death yak
  7544 | D:8      | Killed a death yak
  7562 | D:8      | Noticed a death yak
  7563 | D:8      | Noticed a death yak
  7564 | D:8      | Noticed a death yak
  7565 | D:8      | Noticed a death yak
  7590 | D:8      | Killed a death yak
  7591 | D:8      | Killed a death yak
  7592 | D:8      | Killed a death yak
  7592 | D:8      | Reached skill level 12 in Fighting
  7592 | D:8      | Reached XP level 11. HP: 17/76 MP: 15/15
  7595 | D:8      | Killed a death yak
  8021 | D:8      | Found a staircase to the Lair.
  8210 | D:9      | Found Dich's Weapon Shoppe.
  8517 | D:9      | Found a shattered altar of Ashenzari.
  8545 | D:9      | Noticed a two-headed ogre
  8553 | D:9      | Killed a two-headed ogre
  8562 | D:9      | Found a snail-covered altar of Cheibriados.
  8588 | D:9      | Found a hazy altar of Hepliaklqana.
  9302 | D:10     | Entered Level 10 of the Dungeon
  9542 | D:10     | Found Joloed's Book Boutique.
  9599 | D:10     | Reached ***** piety under Trog
  9599 | D:10     | Reached skill level 13 in Fighting
  9847 | D:10     | Found a large runed translucent door.
 10020 | D:10     | Found a large runed translucent door.
 10022 | D:10     | Noticed Seifer's ghost (journeyman FoFi)
 10113 | D:10     | Reached skill level 1 in Shields
 10195 | D:10     | Received a gift from Trog
 10756 | D:11     | Found a portal to a secret trove of treasure.
 10826 | D:11     | Got a dazzling trident
 10837 | D:11     | Found a gate leading to a gauntlet.
 10846 | Gauntlet | Entered a Gauntlet
 10846 | Gauntlet | Found a transporter.
 10846 | Gauntlet | Found a transporter.
 10846 | Gauntlet | Noticed a moth of wrath
 10862 | Gauntlet | Found a transporter.
 10865 | Gauntlet | Found a transporter.
 10865 | Gauntlet | Found a transporter.
 10865 | Gauntlet | Found a transporter.
 10965 | Gauntlet | Identified the +8 trident of Saesonea {freeze, rC+} (You
                  | found it on level 11 of the Dungeon)
 10973 | Gauntlet | Found the amulet of the Air {Inacc +Fly rElec EV+5 RMsl}
 10985 | Gauntlet | Found a transporter.
 10987 | Gauntlet | Found a transporter.
 11001 | Gauntlet | Found a transporter.
 11018 | Gauntlet | Found a transporter.
 11018 | Gauntlet | Noticed a catoblepas
 11035 | Gauntlet | Found a transporter.
 11039 | Gauntlet | Found a transporter.
 11143 | Gauntlet | Got a crude lead ring
 11191 | Gauntlet | Got an ancient tin ring
 11208 | Gauntlet | Killed a catoblepas
 11520 | Gauntlet | Identified the +0 large shield of Gravity {rPois rN+++ MR+
                  | Dex-2}
 11520 | Gauntlet | Noticed a minotaur
 11548 | Gauntlet | Hit by a silver javelin thrown by a minotaur

Levels and vault maps discovered:
D:1:      ncdulo_smallfort, layout_loops_cross
D:2:      layout_loops_ring, first_ration
D:3:      layout_loops_ring, lemuel_crystal_altar,
          chequers_ecumenical_altar_simple_redux
D:4:      layout_gridville, kennysheep_mini_moat,
          nemelex_xobeh_ov_fountains_minmay, wad_floor_pattern_untrapped,
          minmay_ogre_servants
D:5:      wad_crossroads, layout_gridville, lemuel_blue_sif_altar,
          gammafunk_temple_overflow_claw, nicolae_overflow_crystal_walls,
          minmay_temple_entry_poolview
D:6:      layout_rooms, basic_altar
D:7:      layout_basic, gammafunk_temple_overflow_wave, the_bakery, uniq_joseph
D:8:      layout_cave_pods, dpeg_lair_monsters, uniq_maurice
D:9:      minmay_razor_zed, layout_long_grid, grunt_temple_overflow_open,
          serial_shops, shop
D:10:     layout_stronghold, ebering_ghost_disaster_area, serial_shops, shop
D:11:     layout_loops_ring, nicolae_trove_entry_crystal,
          gauntlet_entry_generic, okawaru_ov_weapons_minmay, uniq_fannar,
          uniq_urug
Gauntlet: gammafunk_gauntlet_hard_choice
          [gammafunk_gauntlet_arena_split_diamond,
          gammafunk_gauntlet_arena_hedges, gammafunk_gauntlet_arena_teeth,
          nicolae_gauntlet_arena_flowing_pool,
          gammafunk_gauntlet_arena_arrow_garden,
          gammafunk_gauntlet_arena_chambers,
          nicolae_gauntlet_exit_dead_adventurers]

Skill      XL: |  1  2  3  4  5  6  7  8  9 10 11 |
---------------+----------------------------------+-----
Earth Magic    | 4 5 |  5.0
Fighting       | 1 2 3 4 6 8 10 12 13 | 13.0
Conjurations   | 1 |  1.5
Armour         | 2 3 6 7 10 11 12 | 12.8
Shields        | 4 |  4.8
Dodging        | |  1.6
Stealth        | |  2.2
Spellcasting   | |  2.8
Transmutations | |  0.7

Action                   |  1- 3 |  4- 6 |  7- 9 | 10-12 || total
-------------------------+-------+-------+-------+-------++-------
Melee: Unarmed           |    29 |   123 |       |       ||   152
       Hand axe          |       |    38 |       |       ||    38
       Long sword        |       |    29 |   267 |   285 ||   581
       Trident           |       |       |       |    19 ||    19
 Cast: Sandblast         |    46 |    11 |       |       ||    57
       Stone Arrow       |       |    10 |       |       ||    10
Invok: Berserk           |       |     1 |     7 |    12 ||    20
       Brothers in Arms  |       |       |       |     7 ||     7
  Use: Scroll            |     2 |     1 |       |    18 ||    21
       Potion            |       |       |     1 |     7 ||     8
 Stab: Distracted        |       |     1 |       |     2 ||     3
       Sleeping          |       |     4 |     2 |     2 ||     8
  Eat: Chunk             |     1 |     9 |    13 |    23 ||    46
       Ration            |       |       |     1 |     6 ||     7
Armor: Robe              |    23 |    64 |    15 |       ||   102
       Leather armour    |       |       |   115 |   165 ||   280
Dodge: Dodged            |    31 |   128 |   248 |   296 ||   703
Block: Shield            |       |       |       |    30 ||    30
       Rpst.: Long sword |       |    12 |    75 |    75 ||   162
